 Dungeon Crawl Stone Soup version 0.30-a0-371-gad7725a93e (webtiles) character file.

Game seed: 2133245587563625530

50205 Maxmaps the Nimble (level 14, -2/113 HPs)
             Began as a Gnoll Monk on Nov 23, 2022.
             Was a High Priest of Cheibriados.
             Slain by a death yak (16 damage)
             ... on level 3 of the Lair of Beasts.
             The game lasted 00:24:15 (17155 turns).

Maxmaps the Nimble (Gnoll Monk)                    Turns: 17155, Time: 00:24:15

Health: -2/113     AC: 21    Str: 27    XL:     14   Next: 54%
Magic:  0/27       EV: 19    Int: 30    God:    Cheibriados [*****.]
Gold:   949        SH: 26    Dex: 36    Spells: 32/32 levels left

rFire   + . .      SeeInvis .    f - +5 whip (drain)
rCold   + . .      Faith    .    y - +4 tower shield of Xom's Delight {rCorr Str+3}
rNeg    + + +      Spirit   +    N - +2 chain mail {rC+}
rPois   +          Reflect  .    q - +2 helmet {Int+3}
rElec   .          Harm     .    s - +1 cloak {rPois}
rCorr   +          Rampage  .    E - +1 pair of gloves
Will    +....                    (no boots)
Stlth   +++.......               v - amulet of guardian spirit
HPRegen 0.38/turn                h - ring of protection from fire
MPRegen 0.20/turn                a - ring of Fekh {rN+++ Dex+8 Slay+4}

@: very slow
A: fangs 1, strong nose, distributed training
a: Renounce Religion, Bend Time, Temporal Distortion, Slouch, Step From Time


You were on level 3 of the Lair of Beasts.
You worshipped Cheibriados.
Cheibriados was extremely pleased with you.
You visited 3 branches of the dungeon, and saw 18 of its levels.
You also visited: Gauntlet.

You collected 969 gold pieces.
You spent 20 gold pieces at shops.

Inventory:

Hand Weapons
 f - a +5 whip of draining (weapon)
 I - a +1 broad axe of freezing
Missiles
 R - 4 silver javelins (quivered)
Armour
 k - +0 acid dragon scales
 q - a +2 helmet of intelligence (worn)
 s - a +1 cloak of poison resistance (worn)
 y - the +4 tower shield of Xom's Delight (worn) {rCorr Str+3}
   (You acquired it on level 11 of the Dungeon)

   Str:       It affects your strength (+3).
   rCorr:     It protects you from acid and corrosion.
 E - a +1 pair of gloves (worn)
 H - a +0 kite shield
 N - a +2 chain mail of cold resistance (worn)
 P - quicksilver dragon scales
Jewellery
 a - the ring of Fekh (right hand) {rN+++ Dex+8 Slay+4}
   (You acquired it on level 5 of the Dungeon)

   [ring of slaying]

   Dex:       It affects your dexterity (+8).
   Slay:      It affects your accuracy & damage with ranged weapons and melee
   (+4).
   rN:        It renders you almost immune to negative energy.
 b - a ring of magical power
 h - a ring of protection from fire (left hand)
 p - a ring of flight
 v - an amulet of guardian spirit (around neck)
 w - a ring of protection from fire
 C - a ring of ice
 O - a ring of willpower
Wands
 t - a wand of paralysis (9)
 F - a wand of mindburst (21)
 K - a wand of flame (6)
 L - a wand of iceblast (7)
Scrolls
 d - a scroll of enchant weapon
 i - 3 scrolls of teleportation
 j - 2 scrolls of identify
 n - 5 scrolls of butterflies
 z - a scroll of blinking
 A - 3 scrolls of amnesia
 B - a scroll of immolation {unknown}
 D - a scroll of enchant armour
 M - a scroll of fear
Potions
 c - 3 potions of ambrosia
 e - a potion of invisibility
 g - 3 potions of brilliance
 l - 2 potions of magic
 m - 7 potions of haste
 o - a potion of curing
 r - a potion of attraction {unknown}
 u - 5 potions of might
 x - 4 potions of resistance
 G - 2 potions of flight
 J - a potion of berserk rage {unknown}
Miscellaneous
 Q - a phial of floods


   Skills:
 + Level 11.6 Fighting
 + Level 9.6 Short Blades
 + Level 11.6 Long Blades
 + Level 9.6 Axes
 + Level 9.6 Maces & Flails
 + Level 9.6 Polearms
 + Level 9.6 Staves
 + Level 9.6 Ranged Weapons
 + Level 9.6 Throwing
 + Level 9.6 Armour
 + Level 11.6 Dodging
 + Level 10.5 Stealth
 + Level 9.6 Shields
 + Level 9.6 Unarmed Combat
 + Level 9.6 Spellcasting
 + Level 8.0 Conjurations
 + Level 8.0 Hexes
 + Level 8.0 Summonings
 + Level 8.0 Necromancy
 + Level 8.0 Translocations
 + Level 8.0 Transmutations
 + Level 8.0 Fire Magic
 + Level 8.0 Ice Magic
 + Level 8.0 Air Magic
 + Level 8.0 Earth Magic
 + Level 8.0 Poison Magic
 + Level 10.5 Invocations
 + Level 9.6 Evocations


You had 32 spell levels left.
You didn't know any spells.
Your spell library contained the following spells:

 Spells                   Type           Power      Damage    Failure   Level
 Freeze                   Ice            100%       1d10      3%          1
 Kiss of Death            Conj/Necr      100%       2d13      3%          1
 Summon Small Mammal      Summ           100%       N/A       3%          1
 Blink                    Tloc           100%       N/A       6%          2
 Cigotuvi's Dreadful Rot  Necr/Pois/Air  100%       N/A       6%          2
 Momentum Strike          Conj/Tloc      100%       3d10      6%          2
 Sublimation of Blood     Necr           58%        N/A       6%          2
 Wereblood                Tmut           58%        N/A       6%          2
 Call Canine Familiar     Summ           58%        N/A       12%         3
 Confusing Touch          Hex            58%        N/A       12%         3
 Dazzling Flash           Conj/Hex       100%       N/A       12%         3
 Frozen Ramparts          Ice            100%       1d16      12%         3
 Gell's Gravitas          Tloc           58%        N/A       12%         3
 Hailstorm                Conj/Ice       58%        3d13      12%         3
 Lesser Beckoning         Tloc           100%       N/A       12%         3
 Ozocubu's Armour         Ice            58%        N/A       12%         3
 Summon Guardian Golem    Hex/Summ       58%        N/A       12%         3
 Teleport Other           Tloc           58%        N/A       12%         3
 Tukima's Dance           Hex            58%        N/A       12%         3
 Airstrike                Air            29%        2d(5-21)  36%         4
 Dispel Undead            Necr           58%        3d21      36%         4
 Iskenderun's Mystic Bla  Conj/Tloc      58%        2d12      36%         4
 Olgreb's Toxic Radiance  Pois           58%        N/A       36%         4
 Passage of Golubria      Tloc           58%        N/A       36%         4
 Summon Lightning Spire   Summ/Air       58%        N/A       36%         4
 Agony                    Necr           58%        N/A       71%         5
 Blade Hands              Tmut           29%        N/A       71%         5
 Irradiate                Conj/Tmut      29%        3d21      71%         5
 Lightning Bolt           Conj/Air       29%        1d45      71%         5
 Metabolic Englaciation   Hex/Ice        29%        N/A       71%         5
 Silence                  Hex/Air        29%        N/A       71%         5
 Yara's Violent Unravell  Hex/Tmut       29%        3d12      71%         5
 Death Channel            Necr           29%        N/A       99%         6
 Dispersal                Tloc           29%        N/A       99%         6
 Simulacrum               Ice/Necr       29%        N/A       99%         6
 Starburst                Conj/Fire      29%        6d9       99%         6
 Dragon Form              Tmut           29%        N/A       100%        7
 Orb of Destruction       Conj           29%        9d9       100%        7
 Ozocubu's Refrigeration  Ice            29%        4d13      100%        7
 Spellforged Servitor     Conj/Summ      29%        N/A       100%        7
 Summon Hydra             Summ           29%        N/A       100%        7
 Ignition                 Fire           29%        3d9       100%        8


Dungeon Overview and Level Annotations

Branches:
Dungeon (12/15)            Temple (1/1) D:4            Lair (5/5) D:11
 Spider (0/4) Lair:2        Slime (0/5) Lair:5          Orc (0/2) D:11
Gauntlet (visited)
  Swamp: Lair:2-3    Shoals: Lair:2-3

Altars:
Ashenzari
Cheibriados
Dithmenos
Elyvilon
Fedhas
Gozag
Hepliaklqana
Kikubaaqudgha
Makhleb
Nemelex Xobeh
Okawaru
Qazlal
Ru
Sif Muna
Trog
Uskayaw
Vehumet
Wu Jian
Xom
Yredelemnul
Zin
The Shining One
Jiyva

Shops:
D:1 !!(   D:5 *?

Annotations:
D:12 Kirke


Innate Abilities, Weirdness & Mutations

You have very sharp teeth.
Your uncanny sense of smell can sniff out nearby items.
Your experience applies equally to all skills.


Message History

You hit the death yak but do no damage. You drain the death yak.
The death yak is heavily wounded.
You block the death yak's attack. x2
You hit the death yak but do no damage.
The death yak is heavily wounded.
You block the death yak's attack. x2
You hit the death yak. You drain the death yak. Your bite misses the death yak.
The death yak is heavily wounded.
You block the death yak's attack. The death yak closely misses you.
You hit the death yak but do no damage. You drain the death yak.
You bite the death yak, but do no damage.
The death yak is severely wounded.
You block the death yak's attack.
The death yak gores you but does no damage.
You whack the death yak! You drain the death yak.
The death yak is severely wounded.
You block the death yak's attack. x2
You hit the death yak.
The death yak is almost dead.
You hit the death yak but do no damage.
You bite the death yak, but do no damage.
The death yak is almost dead.
The death yak gores you!!
* * * LOW HITPOINT WARNING * * *
The death yak closely misses you.
You whack the death yak!
The death yak is almost dead.
You block the death yak's attack. x2
You feel better. You block the death yak's attack. The death yak misses you.
You barely miss the death yak.
The death yak is almost dead.
You block the death yak's attack. x2
You whack the death yak!
You kill the death yak!
Cheibriados appreciates the change of pace.
The death yak misses you.
You whack the death yak!
The death yak is heavily wounded.
The death yak gores you!!
You die...

♣.. ♣♣♣..# ...##
♣....P### ## ######....
.♣....#P###P##..#..#...⌠
♣.......................
♣...................⌠..
♣...†.Y..........#....
♣..†@...............⌠
♣♣#.....P.#(...#.....
##.....## ##....##
#....## #......# #....#
#....###
####....######...####
.................#...
................##...
............#...#....


You could see a death yak.

Vanquished Creatures
  A minotaur (Gauntlet)
  A blizzard demon (Gauntlet)
  Fannar (D:12)
  A fire dragon (Lair:5)
  3 hydras
  2 catoblepae (Lair:5)
  8 death yaks
  3 two-headed ogres
  Amaemon (D:9)
  A lindwurm (Lair:5)
  A cyclops (D:11)
  An oklob plant (Gauntlet)
  2 manticores
  5 elephants
  2 torpor snails
  3 black mambas
  Joseph (D:10)
  3 molten gargoyles (Lair:5)
  An orange demon (D:9)
  Maggie (Lair:2)
  11 cane toads
  A gargoyle (D:11)
  8 komodo dragons
  2 rime drakes
  3 kobold demonologists (D:9)
  An ice devil (Gauntlet)
  4 trolls
  2 polar bears (Lair:3)
  Prince Ribbit (D:5)
  9 blink frogs (Lair:2)
  5 dream sheep (Lair:5)
  A spriggan (Lair:5)
  40 yaks
  A shadow (D:10)
  2 wraiths
  10 wyverns
  Eustachio (D:5)
  2 vampire mosquitoes (D:12)
  2 steam dragons
  3 hogs (D:12)
  6 basilisks
  Menkaure (D:5)
  3 redbacks (Lair:2)
  Duvessa (D:7)
  4 acid dragons
  19 water moccasins
  4 hell hounds (Lair:5)
  3 ice beasts
  3 sky beasts
  7 orc warriors
  5 black bears
  8 centaurs
  3 phantoms
  9 wolves
  9 bullfrogs
  9 kobold brigands
  A necrophage (D:6)
  5 gnoll sergeants
  3 scorpions
  7 wights
  Dowan (D:7)
  5 killer bees (D:7)
  An electric eel (D:9)
  2 howler monkeys
  5 lava snakes (Lair:5)
  2 hounds
  3 jellies (D:5)
  Crazy Yiuf (D:2)
  A gnoll bouda (D:10)
  6 orc priests
  3 iguanas
  6 orc wizards
  10 gnolls
  7 adders
  5 white imps
  2 ufetubi (D:5)
  A worm (D:4)
  A dart slug (D:1)
  37 orcs
  3 bats
  7 endoplasms
  2 giant cockroaches
  12 goblins
  9 hobgoblins
  9 jackals
  13 kobolds
  7 quokkas
  10 ball pythons
  4 frilled lizards
  5 rats
441 creatures vanquished.

Vanquished Creatures (others)
  A quokka (D:7)
  14 demonic plants (Gauntlet)
  73 fungi
  94 plants
182 creatures vanquished.

Grand Total: 623 creatures vanquished

Notes
Turn   | Place    | Note
-------+----------+-------------------------------------------
     0 | D:1      | Maxmaps the Gnoll Monk began the quest for the Orb.
     0 | D:1      | Reached XP level 1. HP: 23/23 MP: 1/1
    83 | D:1      | Reached XP level 2. HP: 29/29 MP: 2/2
   160 | D:1      | Found Qianetil's Distillery.
   355 | D:1      | Reached XP level 3. HP: 35/35 MP: 3/3
   409 | D:1      | Found Vubott's Weapon Emporium.
   433 | D:1      | Found Qeanisy's Distillery.
   766 | D:2      | Reached skill level 1 in Invocations
   775 | D:2      | Reached skill level 1 in Short Blades
   775 | D:2      | Reached skill level 1 in Axes
   775 | D:2      | Reached skill level 1 in Maces & Flails
   775 | D:2      | Reached skill level 1 in Polearms
   775 | D:2      | Reached skill level 1 in Staves
   775 | D:2      | Reached skill level 1 in Ranged Weapons
   775 | D:2      | Reached skill level 1 in Throwing
   775 | D:2      | Reached skill level 1 in Armour
   775 | D:2      | Reached skill level 1 in Shields
   775 | D:2      | Reached skill level 1 in Unarmed Combat
   775 | D:2      | Reached skill level 1 in Spellcasting
   775 | D:2      | Reached skill level 1 in Evocations
   833 | D:2      | Reached XP level 4. HP: 41/41 MP: 5/5
  1050 | D:2      | Identified the +3 mace of Execution {drain, Str+2 Int+3
                  | Dex+2}
  1355 | D:2      | Found a runed translucent door.
  1356 | D:2      | Noticed Crazy Yiuf
  1516 | D:2      | Killed Crazy Yiuf
  1517 | D:2      | Reached skill level 1 in Conjurations
  1517 | D:2      | Reached skill level 1 in Hexes
  1517 | D:2      | Reached skill level 1 in Summonings
  1517 | D:2      | Reached skill level 1 in Necromancy
  1517 | D:2      | Reached skill level 1 in Translocations
  1517 | D:2      | Reached skill level 1 in Transmutations
  1517 | D:2      | Reached skill level 1 in Fire Magic
  1517 | D:2      | Reached skill level 1 in Ice Magic
  1517 | D:2      | Reached skill level 1 in Air Magic
  1517 | D:2      | Reached skill level 1 in Earth Magic
  1517 | D:2      | Reached skill level 1 in Poison Magic
  1730 | D:3      | Reached XP level 5. HP: 24/47 MP: 7/7
  1830 | D:3      | Found a blossoming altar of Fedhas.
  2138 | D:3      | Found a faded altar of an unknown god.
  2318 | D:3      | Found a radiant altar of Vehumet.
  2717 | D:4      | Found a stormy altar of Qazlal.
  2907 | D:4      | Reached XP level 6. HP: 27/53 MP: 8/8
  3120 | D:4      | Found a staircase to the Ecumenical Temple.
  3200 | Temple   | Entered the Ecumenical Temple
  3316 | Temple   | Became a worshipper of Cheibriados the Contemplative
  3316 | Temple   | Reached * piety under Cheibriados
  3316 | Temple   | Reached ** piety under Cheibriados
  3358 | D:5      | Entered Level 5 of the Dungeon
  3563 | D:5      | Noticed an ice beast
  3575 | D:5      | Killed an ice beast
  3587 | D:5      | Reached XP level 7. HP: 53/60 MP: 10/10
  3910 | D:5      | Noticed Menkaure
  3917 | D:5      | Killed Menkaure
  3918 | D:5      | Reached skill level 5 in Stealth
  4065 | D:5      | Found a shadowy altar of Dithmenos.
  4214 | D:5      | Found Tiol's Assorted Antiques.
  4233 | D:5      | Found Tushru Cenk's Magic Scroll Boutique.
  4240 | D:5      | Bought a scroll of identify for 20 gold pieces
  4250 | D:5      | Identified a scroll of acquirement
  4250 | D:5      | Acquired the ring of Fekh {rN+++ Dex+8 Slay+4}
  4262 | D:5      | Reached XP level 8. HP: 64/67 MP: 12/12
  4304 | D:5      | Noticed Prince Ribbit
  4313 | D:5      | Killed Prince Ribbit
  4471 | D:5      | Noticed Eustachio
  4475 | D:5      | Killed Eustachio
  4480 | D:5      | Reached *** piety under Cheibriados
  5146 | D:6      | Reached XP level 9. HP: 73/73 MP: 14/14
  5632 | D:7      | Found a basalt altar of Yredelemnul.
  5667 | D:7      | Found an opulent altar of Gozag.
  5667 | D:7      | Found a glowing silver altar of Zin.
  5888 | D:7      | Found a white marble altar of Elyvilon.
  5959 | D:7      | Noticed Dowan
  5960 | D:7      | Noticed Duvessa
  5971 | D:7      | Killed Duvessa
  5974 | D:7      | Killed Dowan
  6312 | D:7      | Reached **** piety under Cheibriados
  6321 | D:7      | Reached skill level 5 in Invocations
  6951 | D:7      | Reached skill level 5 in Short Blades
  6951 | D:7      | Reached skill level 5 in Axes
  6951 | D:7      | Reached skill level 5 in Maces & Flails
  6951 | D:7      | Reached skill level 5 in Polearms
  6951 | D:7      | Reached skill level 5 in Staves
  6951 | D:7      | Reached skill level 5 in Ranged Weapons
  6951 | D:7      | Reached skill level 5 in Throwing
  6951 | D:7      | Reached skill level 5 in Armour
  6951 | D:7      | Reached skill level 5 in Shields
  6951 | D:7      | Reached skill level 5 in Unarmed Combat
  6951 | D:7      | Reached skill level 5 in Spellcasting
  6951 | D:7      | Reached skill level 5 in Evocations
  6951 | D:7      | Reached XP level 10. HP: 79/81 MP: 15/17
  7080 | D:8      | Noticed a two-headed ogre
  7092 | D:8      | Killed a two-headed ogre
  7558 | D:8      | Found a sacrificial altar of Ru.
  7702 | D:8      | Found a sparkling altar of Nemelex Xobeh.
  7843 | D:9      | Reached ***** piety under Cheibriados
  8136 | D:9      | Reached skill level 5 in Conjurations
  8136 | D:9      | Reached skill level 5 in Hexes
  8136 | D:9      | Reached skill level 5 in Summonings
  8136 | D:9      | Reached skill level 5 in Necromancy
  8136 | D:9      | Reached skill level 5 in Translocations
  8136 | D:9      | Reached skill level 5 in Transmutations
  8136 | D:9      | Reached skill level 5 in Fire Magic
  8136 | D:9      | Reached skill level 5 in Ice Magic
  8136 | D:9      | Reached skill level 5 in Air Magic
  8136 | D:9      | Reached skill level 5 in Earth Magic
  8136 | D:9      | Reached skill level 5 in Poison Magic
  8136 | D:9      | Reached XP level 11. HP: 63/89 MP: 14/20
  8304 | D:9      | Found a broken altar of Ashenzari.
  8307 | D:9      | Found an ancient bone altar of Kikubaaqudgha.
  8349 | D:9      | Found a hide-covered altar of Uskayaw.
  8379 | D:9      | You fall into a shaft and drop 1 floor!
  8379 | D:10     | Entered Level 10 of the Dungeon
  8577 | D:10     | Noticed a two-headed ogre
  8588 | D:10     | Killed a two-headed ogre
  8935 | D:9      | Noticed Amaemon
  8948 | D:9      | Killed Amaemon
  9516 | D:10     | Noticed Joseph
  9525 | D:10     | Killed Joseph
 10083 | D:11     | Noticed a two-headed ogre
 10094 | D:11     | Killed a two-headed ogre
 10310 | D:11     | Noticed a cyclops
 10433 | D:11     | Killed a cyclops
 10434 | D:11     | Acquired the +4 tower shield of Xom's Delight {rCorr Str+3}
 10508 | D:11     | Reached XP level 12. HP: 63/97 MP: 12/22
 10699 | D:11     | Found a staircase to the Orcish Mines.
 10850 | D:11     | Reached skill level 10 in Fighting
 10850 | D:11     | Reached skill level 10 in Long Blades
 10850 | D:11     | Reached skill level 10 in Dodging
 10924 | D:11     | Found a staircase to the Lair.
 11245 | D:12     | Noticed Fannar
 11262 | D:12     | Noticed Kirke
 11266 | D:12     | Killed Fannar
 11565 | Lair:1   | Entered Level 1 of the Lair of Beasts
 11804 | Lair:1   | Found a radiant altar of Vehumet.
 12152 | Lair:1   | Reached XP level 13. HP: 94/104 MP: 23/25
 13037 | Lair:2   | Noticed Maggie
 13052 | Lair:2   | Killed Maggie
 13443 | Lair:2   | Identified the +0 pair of gloves of Wu Jian's Fury {Harm
                  | Regen+}
 13655 | Lair:2   | Found a hole to the Spider Nest.
 13807 | Lair:3   | You fall into a shaft and drop 2 floors!
 13807 | Lair:5   | Entered Level 5 of the Lair of Beasts
 13866 | Lair:5   | Found a gate leading to a gauntlet.
 13878 | Gauntlet | Entered a Gauntlet
 13878 | Gauntlet | Found a transporter.
 13888 | Gauntlet | Found a transporter.
 13902 | Gauntlet | Found a transporter.
 13907 | Gauntlet | Found a transporter.
 13912 | Gauntlet | Noticed a dire elephant
 13924 | Gauntlet | Found a transporter.
 13941 | Gauntlet | Found a transporter.
 13953 | Gauntlet | Found a transporter.
 13964 | Gauntlet | Noticed an entropy weaver
 13972 | Gauntlet | Found a transporter.
 13978 | Gauntlet | Found a transporter.
 13978 | Gauntlet | Found a transporter.
 13992 | Gauntlet | Noticed a blizzard demon
 13993 | Gauntlet | Found a transporter.
 14005 | Gauntlet | Found a transporter.
 14022 | Gauntlet | Found a transporter.
 14039 | Gauntlet | Found a transporter.
 14041 | Gauntlet | Found a transporter.
 14066 | Gauntlet | Found a transporter.
 14068 | Gauntlet | Found a transporter.
 14088 | Gauntlet | Found a transporter.
 14395 | Gauntlet | Killed a blizzard demon
 14669 | Gauntlet | Noticed a minotaur
 14694 | Gauntlet | Killed a minotaur
 14847 | Lair:5   | Reached ****** piety under Cheibriados
 14943 | Lair:5   | Found a viscous altar of Jiyva.
 14944 | Lair:5   | Found a staircase to the Slime Pits.
 14988 | Lair:5   | Reached skill level 10 in Stealth
 15325 | Lair:5   | Reached XP level 14. HP: 113/113 MP: 27/27
 15329 | Lair:5   | Reached skill level 10 in Invocations
 16077 | Lair:5   | Found a large runed translucent door.
 16141 | Lair:5   | Found a large runed translucent door.
 16713 | Lair:4   | Identified the +1 pair of boots of the Brewing Gods {rC+
                  | rCorr MP+9}
 17155 | Lair:3   | Slain by a death yak

Illustrated notes

Levels and vault maps discovered:
D:1:      psy_arrival_fountain, layout_loops_ring, serial_shops, shop, shop,
          nicolae_shop_behind_doors
D:2:      layout_loops_ring, uniq_crazy_yiuf_cottage
D:3:      layout_loops_ring, nicolae_vehumet_altar_sigil,
          fedhas_altar_fruit_tree, shapermc_ecumenical_altar_venn
D:4:      layout_rooms, lemuel_doored_altar, minmay_temple_entry_fiery
D:5:      layout_basic, nicolae_dithmenos_the_darkroom, serial_shops, shop,
          nicolae_inconvenience_store, minmay_misc_feat_encased, minmay_bent,
          uniq_menkaure, uniq_eustachio, uniq_prince_ribbit1
D:6:      layout_basic
D:7:      layout_gridville, grunt_temple_overflow_gold_and_silver,
          elyvilon_altar_4, mainiacjoe_overflow_paths, uniq_duvessa
D:8:      layout_cave_pools, nicolae_overflow_hidden_temple,
          nicolae_ru_sacrificial_ziggurat, minmay_starry_boxes
D:9:      layout_basic, nicolae_overflow_squiral,
          mainiacjoe_overflow_tiny_flanked, uniq_amaemon
D:10:     layout_loops_ring, uniq_joseph
D:11:     layout_small_grid, due_lair_maze_entry_diamond,
          kennysheep_orc_monster_closet_entryway, minmay_strange_pillars
D:12:     layout_rooms, uniq_kirke, uniq_frances, uniq_fannar, uniq_maurice
Temple:   hellmonk_temple_beads
Lair:1:   layout_gridlike, basic_altar, grunt_megastairs_1,
          serial_bayou_shore_b, serial_bayou_shore_b
Lair:2:   layout_cave_pods, spider_nest_entry_webs, uniq_maggie
Lair:3:   layout_long_grid, elwin_shoals_entry_rooms, wad_woods_river_01,
          grunt_megastairs_4
Lair:4:   layout_cave_pods, minivault_24
Lair:5:   cheibrodos_lair_end_hotspot, layout_gridlike, slime_entry_1,
          gauntlet_entry_generic, grunt_forest_large_clearing_hut

Skill      XL: |  1  2  3  4  5  6  7  8  9 10 11 12 13 14 |
---------------+-------------------------------------------+-----
Invocations    | 1 2 3 4 5 6 7 8 9 10 | 10.5
Short Blades   | 1 2 3 5 6 7 8 9 |  9.6
Axes           | 1 2 3 5 6 7 8 9 |  9.6
Maces & Flails | 1 2 3 5 6 7 8 9 |  9.6
Polearms       | 1 2 3 5 6 7 8 9 |  9.6
Staves         | 1 2 3 5 6 7 8 9 |  9.6
Ranged Weapons | 1 2 3 5 6 7 8 9 |  9.6
Throwing       | 1 2 3 5 6 7 8 9 |  9.6
Armour         | 1 2 3 5 6 7 8 9 |  9.6
Shields        | 1 2 3 5 6 7 8 9 |  9.6
Unarmed Combat | 1 2 3 5 6 7 8 9 |  9.6
Spellcasting   | 1 2 3 5 6 7 8 9 |  9.6
Evocations     | 1 2 3 5 6 7 8 9 |  9.6
Conjurations   | 1 2 3 4 5 6 7 8 |  8.0
Hexes          | 1 2 3 4 5 6 7 8 |  8.0
Summonings     | 1 2 3 4 5 6 7 8 |  8.0
Necromancy     | 1 2 3 4 5 6 7 8 |  8.0
Translocations | 1 2 3 4 5 6 7 8 |  8.0
Transmutations | 1 2 3 4 5 6 7 8 |  8.0
Fire Magic     | 1 2 3 4 5 6 7 8 |  8.0
Ice Magic      | 1 2 3 4 5 6 7 8 |  8.0
Air Magic      | 1 2 3 4 5 6 7 8 |  8.0
Earth Magic    | 1 2 3 4 5 6 7 8 |  8.0
Poison Magic   | 1 2 3 4 5 6 7 8 |  8.0
Fighting       | 7 8 9 10 11 | 11.6
Long Blades    | 7 8 9 10 11 | 11.6
Dodging        | 7 8 9 10 11 | 11.6
Stealth        | 5 6 7 8 9 10 | 10.5

Action                   |  1- 3 |  4- 6 |  7- 9 | 10-12 | 13-15 || total
-------------------------+-------+-------+-------+-------+-------++-------
Melee: Falchion          |    21 |       |       |       |       ||    21
       Whip              |    38 |   176 |   248 |   597 |   738 ||  1797
       Bite              |     5 |    22 |    37 |    97 |   146 ||   307
       Punch             |     1 |     2 |     8 |    24 |       ||    35
       Unarmed           |       |       |       |     1 |       ||     1
Invok: Slouch            |       |       |       |     9 |     4 ||    13
  Use: Scroll            |       |       |    17 |     8 |     9 ||    34
       Potion            |       |       |       |     5 |     2 ||     7
 Stab: Sleeping          |     9 |       |       |     4 |     3 ||    16
       Distracted        |       |       |       |     2 |     1 ||     3
Armor: Robe              |    13 |       |       |       |       ||    13
       Chain mail        |     1 |    88 |   172 |   233 |   166 ||   660
Dodge: Dodged            |    39 |    51 |   201 |   516 |   316 ||  1123
Block: Tower shield      |       |       |       |   444 |  1027 ||  1471

Table legend: (Time is in decaauts)
 A = Elapsed time spent in this place.
 B = Non-inter-level travel time spent in this place.
 C = Inter-level travel time spent in this place.
 D = Time resting spent in this place.
 E = Time spent auto-exploring this place.
 F = Levels seen in this place.
 G = Mean time per level.
                   A        B        C        D        E       F      G
               +--------+--------+--------+--------+--------+-----+--------+
         Total |  22944 |  21881 |   1063 |   3025 |  14455 |  19 | 1207.6 |
       Dungeon |  14446 |  13679 |    767 |   2308 |   9179 |  12 | 1203.8 |
        Temple |    138 |    138 |      0 |      0 |     87 |   1 |  138.0 |
          Lair |   7065 |   6770 |    295 |    478 |   4640 |   5 | 1413.0 |
      Gauntlet |   1294 |   1294 |      0 |    239 |    548 |   1 | 1294.0 |
               +--------+--------+--------+--------+--------+-----+--------+

Top non-repeatable levels by time:
  Lair:5: 2955 daAuts
     D:7: 1920 daAuts
    D:10: 1864 daAuts
     D:5: 1796 daAuts
    D:11: 1688 daAuts
  Lair:2: 1674 daAuts
  Lair:1: 1616 daAuts
     D:9: 1349 daAuts
Gauntlet: 1294 daAuts
     D:6: 1273 daAuts
     D:8: 1118 daAuts
     D:2: 1057 daAuts
     D:3: 809 daAuts
     D:1: 735 daAuts
     D:4: 639 daAuts
